 Dungeon Crawl Stone Soup version 0.27-a0-1591-gc56fcc985a (webtiles) character file.

Game seed: 17058650431393928642

200 DocSulfur the Ruffian (level 5, -10/48 HPs)
             Began as a Troll Hunter on July 19, 2021.
             Mangled by an ice beast (14 damage)
             ... on level 3 of the Dungeon.
             The game lasted 00:02:19 (1678 turns).

DocSulfur the Ruffian (Troll Hunter)                Turns: 1678, Time: 00:02:20

Health: -10/48     AC:  4    Str: 21    XL:     5   Next: 48%
Magic:  4/4        EV:  9    Int:  7    God:
Gold:   50         SH:  0    Dex: 10    Spells: 4/4 levels left

rFire    . . .     SeeInvis .     - Unarmed
rCold    . . .     Faith    .   (no shield)
rNeg     . . .     Spirit   .   b - +0 robe
rPois    .         Reflect  .   (helmet restricted)
rElec    .         Harm     .   (no cloak)
rCorr    .         Rampage  .   (gloves unavailable)
Will     .....                  (boots unavailable)
Stlth    +.........             (no amulet)
HPRegen  1.16/turn              (no ring)
MPRegen  0.09/turn              (no ring)

@: no status effects
A: large, unfitting armour, claws 3, regeneration 1, shaggy fur 1, tough skin 1
a: no special abilities


You were on level 3 of the Dungeon.
You visited 1 branch of the dungeon, and saw 3 of its levels.

You collected 50 gold pieces.

Inventory:

Hand Weapons
 a - a +0 short sword
Missiles
 c - 5 large rocks (quivered)
 d - 2 throwing nets
Armour
 b - a +0 robe (worn)
Wands
 p - a wand of polymorph (8)
Scrolls
 g - 3 scrolls of immolation {unknown}
 h - 5 scrolls of identify {unknown}
 i - a scroll of enchant weapon {unknown}
 l - a scroll of teleportation {unknown}
 m - a scroll of holy word {unknown}
 n - a scroll of enchant armour {unknown}
 o - a scroll of noise {unknown}
Potions
 e - a potion of curing {unknown}
 f - a potion of lignification {unknown}
 j - 2 potions of heal wounds {unknown}
 k - 2 potions of attraction {unknown}


   Skills:
 - Level 1.5 Fighting
 - Level 3.6 Throwing
 - Level 1.5 Dodging
 - Level 0.3 Stealth
 * Level 5.3 Unarmed Combat


You had 4 spell levels left.
You didn't know any spells.
Your spell library contained the following spells:

 Spells                   Type           Power      Damage    Failure   Level
 Ignite Poison            Fire/Tmut/Pois 0%         N/A       80%         3
 Cause Fear               Hex            0%         N/A       99%         4
 Metabolic Englaciation   Hex/Ice        0%         N/A       100%        5


Dungeon Overview and Level Annotations

Branches:
Dungeon (3/15)

Altars:


Innate Abilities, Weirdness & Mutations

You are too large for most types of armour.
You have claws for hands.
Your natural rate of healing is unusually fast.
You are covered in fur. (AC +1)
You have tough skin. (AC +1)


Message History

No target in view!
Things that are here:
a +0 hand axe; an orc corpse
Found a dagger.
You open the door.
There is an open door here.
An ice beast comes into view.
An ice beast is nearby!
An ice beast is nearby!
You closely miss the ice beast. The ice beast closely misses you.
You claw the ice beast!
The ice beast is moderately wounded.
The ice beast hits you. The ice beast freezes you!
You completely miss the ice beast.
The ice beast is moderately wounded.
The ice beast hits you. The ice beast freezes you.
You scratch the ice beast.
The ice beast is heavily wounded.
The ice beast hits you but does no damage.
You scratch the ice beast but do no damage.
The ice beast is heavily wounded.
The ice beast closely misses you.
You barely miss the ice beast.
The ice beast is heavily wounded.
You claw the ice beast!
The ice beast is severely wounded.
The ice beast hits you. The ice beast freezes you!
You barely miss the ice beast.
The ice beast is severely wounded.
The ice beast hits you. The ice beast freezes you!
* * * LOW HITPOINT WARNING * * *
You closely miss the ice beast.
The ice beast is severely wounded.
The ice beast closely misses you.
You scratch the ice beast.
The ice beast is almost dead.
The ice beast hits you.
* * * LOW HITPOINT WARNING * * *
The ice beast freezes you!
You die...

#....##.#.....#.##..
#.##.##.###.###.####
#.......###.###.....
####.#####...####### #......#
#.#..... #######.##.#.###..... #.
#...'.#.##.......... ..
#...#.#.##....##..####..## #
#8..##....@Y...##.≈≈≈≈≈≈≈≈≈
#######...###..##.#.....≈#≈≈≈≈≈#≈
......#####.........###.≈#≈###≈#≈
######.#.####.##..#.###.≈#≈≈≈≈≈#≈
# #.........#......>.≈≈≈≈≈≈≈≈≈
###.####.......###...#...###
########.# ##.#.#### #...##.....
#........# #.......# #.........#
#........# #..#.##.###...##.#...


You could see an ice beast.

Vanquished Creatures
  A scorpion (D:2)
  3 gnolls (D:2)
  5 adders
  2 worms (D:2)
  3 dart slugs
  An orc (D:3)
  3 bats
  6 endoplasms
  2 giant cockroaches (D:1)
  5 goblins
  4 hobgoblins
  3 jackals (D:3)
  4 quokkas
  4 ball pythons
  5 frilled lizards
  5 kobolds
  A rat (D:2)
57 creatures vanquished.

Notes
Turn   | Place    | Note
-------+----------+-------------------------------------------
     0 | D:1      | DocSulfur the Troll Hunter began the quest for the Orb.
     0 | D:1      | Reached XP level 1. HP: 19/19 MP: 0/0
   134 | D:1      | Reached skill level 1 in Unarmed Combat
   181 | D:1      | Reached XP level 2. HP: 27/27 MP: 1/1
   396 | D:1      | Reached skill level 2 in Unarmed Combat
   621 | D:2      | Noticed a scorpion
   637 | D:2      | Reached XP level 3. HP: 32/33 MP: 2/2
   639 | D:2      | Killed a scorpion
   640 | D:2      | Reached skill level 3 in Unarmed Combat
   640 | D:2      | Reached XP level 4. HP: 38/41 MP: 3/3
   649 | D:2      | Reached skill level 4 in Unarmed Combat
   774 | D:2      | Got the Reference Book on Fire and Bewitchment
   861 | D:2      | Reached XP level 5. HP: 46/48 MP: 4/4
  1026 | D:2      | Reached skill level 5 in Unarmed Combat
  1304 | D:3      | Found a faded altar of an unknown god.
  1665 | D:3      | Noticed an ice beast
  1678 | D:3      | Mangled by an ice beast

Illustrated notes

Levels and vault maps discovered:
D:1:      saegor_arrival_simple_b, layout_basic
D:2:      layout_loops_ring, minmay_split_cup_large
D:3:      layout_loops_cross, ebering_ecumenical_altar_hall,
          roderic_roman_lattice, minmay_misc_feat_chi, minmay_crystal_water,
          ebering_dispersal_statue_hall, kennysheep_nondescript

Skill      XL: |  1  2  3  4  5 |
---------------+----------------+-----
Unarmed Combat | 1 2 3 4 5 |  5.3
Fighting       | |  1.5
Throwing       | |  3.6
Dodging        | |  1.5
Stealth        | |  0.3

Action                   |  1- 3 |  4- 6 || total
-------------------------+-------+-------++-------
Melee: Unarmed           |    59 |    95 ||   154
       Short sword       |     1 |       ||     1
       Punch             |       |     1 ||     1
 Stab: Sleeping          |     1 |       ||     1
Armor: Robe              |    17 |    28 ||    45
Dodge: Dodged            |    32 |    30 ||    62

Table legend: (Time is in decaauts)
 A = Elapsed time spent in this place.
 B = Non-inter-level travel time spent in this place.
 C = Inter-level travel time spent in this place.
 D = Time resting spent in this place.
 E = Time spent auto-exploring this place.
 F = Levels seen in this place.
 G = Mean time per level.
                   A        B        C        D        E       F      G
               +--------+--------+--------+--------+--------+-----+--------+
         Total |   1669 |   1654 |     15 |      0 |   1261 |   3 |  556.3 |
       Dungeon |   1669 |   1654 |     15 |      0 |   1261 |   3 |  556.3 |
               +--------+--------+--------+--------+--------+-----+--------+

Top non-repeatable levels by time:
     D:2: 671 daAuts
     D:1: 509 daAuts
     D:3: 487 daAuts
